 Dungeon Crawl Stone Soup version 0.19.4-10-g532645f (webtiles) character file.

1276 JeffiDaFish the Cudgeler (level 8, -4/49 HPs)
             Began as a Gargoyle Fighter on Feb 23, 2017.
             Killed from afar by Dowan (23 damage)
             ... with a shard of ice
             ... on level 6 of the Dungeon.
             The game lasted 00:15:24 (4658 turns).

JeffiDaFish the Cudgeler (Gargoyle Fighter)         Turns: 4658, Time: 00:15:24

Health: -4/49      AC: 20    Str: 19 (21) XL:     8   Next: 54%
Magic:  8/8        EV:  4    Int:  7 (8)  God:
Gold:   518        SH: 11    Dex:  9 (11) Spells: 0 memorised, 7 levels left

rFire  . . .     SeeInvis .     q - +0 morningstar
rCold  . . .     Gourm    .     e - +0 plate armour
rNeg   + . .     Faith    .     c - +1 shield
rPois  ∞         Spirit   .     (no helmet)
rElec  +         Reflect  .     l - +0 cloak
rCorr  .         Harm     .     k - +0 pair of gloves
MR     .....                    (no boots)
Stlth  ..........               (no amulet)
                                (no ring)
                                (no ring)

@: no status effects
A: mutation resistance 1, negative energy resistance 1, electricity resistance,
unbreathing, petrification resistance, rot immunity, subdued magic 1, AC +5
a: no special abilities


You were on level 6 of the Dungeon.
You were hungry.

You visited 1 branch of the dungeon, and saw 6 of its levels.
You also visited: Ossuary.

You collected 518 gold pieces.

Inventory:

Hand Weapons
 q - a +0 morningstar (weapon)
Armour
 c - a +1 shield (worn)
 e - a +0 plate armour (worn)
 k - a +0 pair of gloves (worn)
 l - a +0 cloak (worn)
Scrolls
 i - 4 scrolls of identify
 j - a scroll of teleportation
 p - a scroll of remove curse
Potions
 d - 2 potions of curing
 m - a potion of agility
 n - a potion of heal wounds
Comestibles
 a - 3 chunks of flesh
 b - 2 royal jellies
 f - 5 bread rations
 g - 4 meat rations
 h - 9 fruits
 o - a beef jerky


   Skills:
 + Level 5.1 Fighting
 + Level 6.6 Maces & Flails
 + Level 5.5 Armour
 + Level 0.7 Dodging
 + Level 0.2 Stealth
 + Level 6.6 Shields


You had 7 spell levels left.
You didn't know any spells.

Dungeon Overview and Level Annotations

Branches:
Dungeon (6/15)
 Temple: D:4-7

Altars:
Cheibriados
Gozag
Hepliaklqana
Xom

Annotations:
D:6 Dowan


Innate Abilities, Weirdness & Mutations

You are resistant to torment.
Your stone body is resilient. (AC +5)
You are immune to poison.
You resist negative energy. (rN+)
You are resistant to electric shocks. (rElec)
You can survive without breathing.
You are immune to petrification.
You are immune to rotting.
You are somewhat resistant to further mutation.
Your spells are a little easier to cast, but a little less powerful.


Message History

You miss Dowan.
Dowan gestures wildly while chanting.
Dowan blinks!
Dowan mumbles some strange words.
Dowan blinks!
No target in view!
No target in view!
You see here 30 arrows.
Dowan hits you but does no damage.
You puncture Dowan!
Dowan is heavily wounded.
You block Dowan's attack. x2
You puncture Dowan!
Dowan is almost dead.
You block Dowan's attack.
You closely miss Dowan.
Dowan is almost dead.
Dowan points at you and mumbles some strange words.
The shard of ice hits you!
You die...

#[. #.# ####### # #.#
#...÷.# #.... #####.#
.#.### #.# #### ._..#
#.# #.. ###.#.#
#.#.###.######
#$....#####.#....<.![..#
###.###(.@e.##########.#
#≈)(..###........# #.#
####### ########.###[#
#...[.# #######


You could see Dowan.

Vanquished Creatures
  Sigmund (D:3)
  Duvessa (D:6)
  The ghost of Wextippler the Sneak, an amateur SpEn (D:4)
  A sky beast (D:6)
  4 wights (D:6)
  A howler monkey (D:6)
  3 hounds
  A centaur skeleton (D:3)
  A centaur zombie (Ossuary)
  4 orc wizards
  3 worker ants
  2 big kobold zombies (Ossuary)
  2 mummies (Ossuary)
  A hound skeleton (D:4)
  6 gnolls
  8 adders
  3 adder skeletons
  A worm (D:2)
  A dart slug (D:1)
  5 leopard geckos
  9 orcs (D:4)
  5 bats
  3 giant cockroaches
  3 gnoll zombies (Ossuary)
  3 goblins
  6 hobgoblins
  7 jackals (D:5)
  2 quokkas (D:2)
  A ball python skeleton (D:3)
  A frilled lizard (D:1)
  4 goblin zombies (Ossuary)
  4 hobgoblin zombies (Ossuary)
  2 kobolds
  A leopard gecko zombie (D:3)
  3 rats
104 creatures vanquished.

Notes
Turn   | Place    | Note
-------+----------+-------------------------------------------
     0 | D:1      | JeffiDaFish the Gargoyle Fighter began the quest for the Orb.
     0 | D:1      | Reached XP level 1. HP: 14/14 MP: 1/1
   206 | D:1      | Reached XP level 2. HP: 19/19 MP: 2/2
   745 | D:2      | Reached XP level 3. HP: 18/23 MP: 3/3
   765 | D:2      | Found a faded altar of an unknown god.
   996 | D:2      | Reached XP level 4. HP: 29/29 MP: 4/4
  1472 | D:3      | Reached XP level 5. HP: 32/33 MP: 5/5
  1522 | D:3      | Noticed Sigmund
  1541 | D:3      | Killed Sigmund
  1541 | D:3      | Reached skill level 5 in Shields
  1541 | D:3      | Reached XP level 6. HP: 15/38 MP: 6/6
  2433 | D:4      | Reached XP level 7. HP: 41/43 MP: 7/7
  2498 | D:4      | Found a snail-covered altar of Cheibriados.
  2527 | D:4      | Found a shimmering altar of Xom.
  2866 | D:4      | Noticed Wextippler's ghost (amateur SpEn)
  2975 | D:4      | Killed Wextippler's ghost
  2975 | D:4      | Reached skill level 5 in Maces & Flails
  3300 | D:5      | Entered Level 5 of the Dungeon
  3419 | D:5      | Found a sand-covered staircase.
  3454 | Ossuary  | Entered an ossuary
  3652 | Ossuary  | Reached skill level 5 in Armour
  4206 | D:5      | Found a hazy altar of Hepliaklqana.
  4207 | D:5      | Found a shimmering altar of Xom.
  4208 | D:5      | Noticed a spectral ugly thing
  4234 | D:5      | Reached XP level 8. HP: 44/48 MP: 8/8
  4504 | D:6      | Reached skill level 5 in Fighting
  4511 | D:6      | Gained mutation: Your spells are a little easier to cast, but a little less powerful. [potion of mutation]
  4511 | D:6      | Gained mutation: You are somewhat resistant to further mutation. [potion of mutation]
  4560 | D:6      | Found an opulent altar of Gozag.
  4585 | D:6      | Noticed Dowan
  4592 | D:6      | Noticed Duvessa
  4616 | D:6      | Killed Duvessa
  4658 | D:6      | Killed from afar by Dowan

Skill      XL: |  1  2  3  4  5  6  7  8 |
---------------+-------------------------+-----
Shields        | 4 5 6 |  6.6
Maces & Flails | 3 4 5 6 |  6.6
Armour         | 4 5 |  5.5
Fighting       | 4 5 |  5.1
Dodging        | |  0.7
Stealth        | |  0.2

Action                   |  1- 3 |  4- 6 |  7- 9 || total
-------------------------+-------+-------+-------++-------
Melee: Flail             |   118 |   141 |   385 ||   644
       Club              |       |       |     7 ||     7
       Morningstar       |       |       |    92 ||    92
  Use: Potion            |     4 |     3 |     4 ||    11
       Scroll            |     5 |       |     2 ||     7
  Eat: Chunk             |       |     5 |     8 ||    13
Armor: Scale mail        |    46 |       |       ||    46
       Plate armour      |    55 |    99 |   321 ||   475
Dodge: Dodged            |    24 |    21 |    75 ||   120
Block: Shield            |    82 |    87 |   243 ||   412
